 Dungeon Crawl Stone Soup version 0.23.0 (webtiles) character file.

Game seed: 13573462062277074875

129 Tiagovsky the Skirmisher (level 4, 0/55 HPs)
             Began as a Demonspawn Berserker on Feb 9, 2019.
             Was a Believer of Trog.
             Killed from afar by an orc wizard (8 damage)
             ... with a magic dart
             ... on level 2 of the Dungeon on Feb 10, 2019.
             The game lasted 00:05:35 (1223 turns).

Tiagovsky the Skirmisher (Demonspawn Berserker)     Turns: 1223, Time: 00:05:36

Health: 0/55       AC:  2    Str: 24    XL:     4   Next: 88%
Magic:  4/4        EV: 13    Int:  8    God:    Trog [**....]
Gold:   49         SH:  0    Dex: 12    Spells: 3/3 levels left

rFire    . . .     SeeInvis .   w - +0 falchion
rCold    . . .     Gourm    .   (no shield)
rNeg     . . .     Faith    .   b - +0 animal skin
rPois    .         Spirit   .   (helmet restricted)
rElec    .         Reflect  .   (no cloak)
rCorr    .         Harm     .   (no gloves)
MR       ++...                  (no boots)
Stlth    ..........             (no amulet)
HPRegen  1.18/turn              (no ring)
MPRegen  0.09/turn              (no ring)

@: berserking, regenerating, very quick
A: antennae 1, spiny 1
a: Berserk, Trog's Hand, Renounce Religion


You were on level 2 of the Dungeon.
You worshipped Trog.
Trog was pleased with you.
You were very hungry.

You visited 1 branch of the dungeon, and saw 2 of its levels.

You collected 49 gold pieces.

Inventory:

Hand Weapons
 q - a +0 hunting sling
 w - a +0 falchion (weapon)
Missiles
 e - 35 stones (quivered)
Armour
 b - a +0 animal skin (worn)
Scrolls
 d - a scroll of enchant armour {unknown}
 g - a scroll of identify {unknown}
 i - a scroll of fog {unknown}
 m - a scroll of teleportation {unknown}
Potions
 a - 2 potions of haste {unknown}
 h - a potion of ambrosia {unknown}
 j - a potion of berserk rage {unknown}
 k - 3 potions of might {unknown}
 l - 2 potions of heal wounds {unknown}
Comestibles
 c - 6 rations
 f - 7 chunks of flesh


   Skills:
 + Level 3.8 Fighting
 + Level 3.4 Long Blades
 + Level 2.7 Armour
 + Level 2.7 Dodging


You had 3 spell levels left.
You didn't know any spells.
Your spell library was empty.

Dungeon Overview and Level Annotations

Branches:
Dungeon (2/15)

Altars:
Gozag


Innate Abilities, Weirdness & Mutations

You have a pair of small antennae on your head.
You are partially covered in sharp spines.


Message History

The orc warrior hits you with a +0 mace!
* * * LOW HITPOINT WARNING * * *
You slash the orc warrior!
The orc warrior is heavily wounded.
The orc warrior barely misses you.
You riposte.
You closely miss the orc warrior.
The orc warrior is heavily wounded.
You slash the orc warrior!
The orc warrior is severely wounded.
The orc warrior barely misses you.
You riposte.
You closely miss the orc warrior.
The orc warrior is severely wounded.
You slash the orc warrior!
You kill the orc warrior!
Trog accepts your kill.
You have reached level 4!
You feel stronger.
The orc wizard gestures at you while chanting.
The magic dart hits you!
You die...

######## #......
##########..#.#
#8..#.........#
#_............#
#8..#........##
##########..######
###.##..........@)o#
.............#####o#
###.##..###...####{..
....##...)..........(..
#######.###...###........
.... ...# ##......oo.....
######### ######...o.g..
...##.# ##########


You could see 2 orc wizards.

Vanquished Creatures
  An orc warrior (D:2)
  A dart slug (D:1)
  A leopard gecko (D:1)
  A ball python (D:1)
  3 bats
  2 giant cockroaches
  4 goblins
  3 hobgoblins (D:1)
  3 frilled lizards
  5 kobolds (D:1)
  8 rats
32 creatures vanquished.

Notes
Turn   | Place    | Note
-------+----------+-------------------------------------------
     0 | D:1      | Tiagovsky the Demonspawn Berserker began the quest for the
                  | Orb.
     0 | D:1      | Reached XP level 1. HP: 18/18 MP: 1/1
   443 | D:1      | Gained mutation: You are partially covered in sharp spines.
                  | [demonic ancestry]
   443 | D:1      | Reached XP level 2. HP: 24/24 MP: 2/2
   760 | D:1      | Reached ** piety under Trog
  1067 | D:2      | Gained mutation: You have a pair of small antennae on your
                  | head. [demonic ancestry]
  1067 | D:2      | Reached XP level 3. HP: 27/29 MP: 3/3
  1181 | D:2      | Found an opulent altar of Gozag.
  1209 | D:2      | Noticed an orc warrior
  1223 | D:2      | Killed an orc warrior
  1223 | D:2      | Reached XP level 4. HP: 7/37 MP: 4/4
  1223 | D:2      | Killed from afar by an orc wizard

Skill      XL: |  1  2 |
---------------+-------+-----
Dodging        | 2 |  2.7
Armour         | 2 |  2.7
Long Blades    | 3 |  3.4
Fighting       | |  3.8

Action                   |  1- 3 |  4- 6 || total
-------------------------+-------+-------++-------
Melee: Falchion          |    59 |       ||    59
Throw: Stone             |    21 |       ||    21
Invok: Berserk           |     1 |       ||     1
       Trog's Hand       |     1 |       ||     1
 Stab: Sleeping          |     1 |       ||     1
  Eat: Chunk             |     1 |       ||     1
Armor: Animal skin       |     8 |       ||     8
Dodge: Dodged            |    30 |       ||    30
       Rpst.: Falchion   |     9 |       ||     9
